Map: New Repugnancy LE

Players

Ananke

  • Race: Terran Terran
  • League: Diamond
  • Spawn Location: 7:00

BigLupu - Winner!

  • Race: Terran Terran
  • League: Platinum
  • Spawn Location: 1:00

VOD

Have the link to the VOD?

Description

Time

  • Played on: April 9, 2019, 10:35 a.m.
  • Length: 10:37
Show
View Real Time Build Order
Export as new Build Order

Ananke Terran 

Build Orders:  

Get SALT Encoding   

  12  0:00  SCV  
  13  0:13  SCV  
  14  0:19  Supply Depot  
  14  0:25  SCV  
  15  0:31  Refinery  
  15  0:40  SCV  
  16  0:49  Barracks  
  16  0:52  SCV  
  17  0:59  Refinery  
  17  1:05  SCV  
  18  1:17  SCV  
  19  1:28  Supply Depot  
  19  1:33  SCV  
  19  1:37  Reaper  
  21  1:45  SCV  
  22  1:53  Factory  
  22  1:57  SCV  
  23  2:09  Reaper  
  23  2:10  SCV  
  25  2:22  SCV  
  26  2:34  SCV  
  26  2:36  Supply Depot  
  27  2:38  Hellion  
  27  2:41  Reaper  
  30  2:59  Hellion  
  31  3:14  SCV  
  31  3:20  Hellion  
  31  3:26  Reaper, Command Center  
  34  3:29  SCV  
  35  3:36  Starport  
  35  3:43  Hellion  
  30  4:21  Orbital Command  
  28  4:59  Hellion, SCV  
  31  5:11  SCV  
  32  5:16  Starport Tech Lab  
  32  5:24  SCV x2  
  32  5:26  Factory Tech Lab  
  34  5:34  Engineering Bay  
  34  5:36  SCV  
  33  5:57  Siege Tank  
  33  6:02  Banshee  
  33  6:03  Cloaking Field  
  39  6:06  SCV, Missile Turret  
  40  6:15  SCV  
  41  6:19  SCV  
  42  6:27  SCV  
  42  6:31  Siege Tank  
  46  6:33  SCV  
  46  6:36  Supply Depot  
  46  6:39  SCV  
  48  6:40  Refinery  
  48  6:45  SCV  
  48  6:46  Viking  
  51  6:51  SCV  
  50  7:11  SCV  
  50  7:12  SCV  
  52  7:23  SCV  
  52  7:24  SCV  
  54  7:32  Refinery  
  54  7:33  Siege Tank  
  54  7:35  SCV  
  54  7:36  SCV  
  59  7:40  Factory  
  59  7:41  Supply Depot  
  59  7:50  Barracks Tech Lab  
  59  7:51  SCV x2  
  55  8:15  SCV x2  
  55  8:18  Siege Tank  
  47  8:27  SCV x2  
  47  8:30  Command Center  
  49  8:37  Starport Reactor  
  49  8:39  SCV x2  
  50  8:51  SCV  
  51  9:02  Siege Tank  
  50  9:41  Starport Reactor  
  44  10:01  Siege Tank  
  47  10:07  SCV  
  47  10:09  Supply Depot  
  47  10:11  Factory Tech Lab  
  47  10:13  SCV  
Show
View Real Time Build Order
Export as new Build Order

BigLupu Terran - Winner!

Build Orders:  

Get SALT Encoding   

  12  0:01  SCV  
  13  0:13  SCV  
  14  0:18  Supply Depot  
  14  0:25  SCV  
  15  0:30  Refinery  
  15  0:39  SCV  
  16  0:46  Barracks  
  16  0:51  SCV  
  17  1:02  Barracks  
  17  1:06  SCV  
  19  1:18  SCV  
  20  1:33  Reaper  
  20  1:35  Orbital Command  
  20  1:37  Supply Depot  
  20  1:50  Reaper  
  21  2:02  Barracks  
  21  2:03  SCV  
  21  2:05  Refinery  
  21  2:08  Supply Depot  
  22  2:10  Reaper  
  22  2:27  Reaper  
  23  2:42  Reaper  
  24  2:54  Command Center  
  23  2:59  Reaper  
  23  3:00  Reaper  
  24  3:14  Reaper  
  24  3:16  SCV  
  26  3:28  SCV  
  26  3:31  Reaper  
  28  3:35  Bunker  
  28  3:40  Supply Depot  
  28  3:41  SCV  
  28  4:04  Reaper  
  27  4:17  Reaper  
  27  4:18  Reaper  
  27  4:21  Orbital Command  
  28  4:46  Orbital Command, Factory  
  28  4:52  Barracks Reactor  
  28  4:53  Barracks Tech Lab  
  28  4:56  SCV  
  29  5:05  Barracks Reactor  
  28  5:09  Supply Depot  
  28  5:11  Command Center  
  28  5:15  SCV  
  28  5:20  Engineering Bay  
  29  5:21  SCV  
  29  5:27  SCV  
  31  5:32  Factory Tech Lab  
  31  5:33  Marine x2  
  33  5:39  SCV  
  34  5:49  SCV  
  34  5:51  SCV  
  34  5:56  Siege Tank  
  38  5:57  Marine  
  38  5:59  Stimpack  
  38  6:01  SCV  
  38  6:02  Terran Infantry Weapons Level 1  
  38  6:03  SCV  
  41  6:07  Marine  
  42  6:11  Marine  
  42  6:13  SCV  
  42  6:15  Refinery, Marine, SCV  
  46  6:25  SCV  
  47  6:28  SCV  
  47  6:31  Orbital Command  
  48  6:33  Marine  
  48  6:36  Siege Tank  
  48  6:37  Starport, Marine, SCV  
  48  6:38  Marine  
  55  6:40  SCV  
  55  6:42  Marine  
  57  6:47  Supply Depot, Marine  
  57  6:49  SCV  
  57  6:52  SCV  
  60  7:02  Marine  
  60  7:03  Marine x2  
  60  7:07  Marine, SCV  
  65  7:10  Marine  
  66  7:19  SCV  
  66  7:20  Marine, Missile Turret  
  68  7:26  Starport Reactor  
  68  7:27  SCV  
  68  7:28  Missile Turret  
  69  7:30  Engineering Bay  
  69  7:32  Orbital Command  
  69  7:33  Armory  
  69  7:34  SCV  
  69  7:36  Missile Turret  
  70  7:40  SCV  
  70  7:44  Marine x2  
  71  7:46  SCV  
  71  7:47  Marine  
  71  7:49  Sensor Tower, Siege Tank  
  78  7:52  SCV  
  78  7:53  Marine  
  78  7:54  Marine  
  81  7:58  SCV  
  81  8:00  SCV  
  81  8:01  Marine  
  81  8:04  SCV  
  81  8:11  SCV  
  75  8:19  SCV  
  74  8:20  SCV  
  74  8:21  Marine  
  74  8:25  Siege Tank  
  74  8:26  Medivac x2  
  83  8:29  Marine x2, SCV  
  86  8:35  Marine  
  86  8:38  Marine x2  
  86  8:39  SCV  
  86  8:40  SCV  
  91  8:46  Marine  
  92  9:01  Marine  
  93  9:09  Marine x2  
  93  9:16  Marine  
  93  9:18  Marine  
  93  9:19  SCV  
  93  9:20  Marine  
  93  9:38  Medivac x2, Marine x3, Supply Depot  
  93  9:39  Supply Depot, SCV  
  93  9:40  Supply Depot  
  93  9:41  Marine  
  99  10:02  Marine x2  
  99  10:03  Marine x3  
  104  10:09  Supply Depot  
  104  10:10  SCV x2  
  116  10:34  Refinery  
Tags
 
Add a new tag
Caveats
  • Supply blocks, unpowered buildings, or Contaminate may cause inaccurate times.
  • Supply counts are checked every 10 seconds.